 Dungeon Crawl Stone Soup version 0.25-a0-516-g7d600cd (webtiles) character file.

Game seed: 6426219255806303201, levelgen mode: deterministic

78387 wolfsongas the Severer (level 15, -3/147 HPs)
             Began as a Minotaur Fighter on Feb 16, 2020.
             Was a High Priest of Trog.
             Slain by Rupert
             ... wielding a +0 great mace of protection
              (29 damage)
             ... on level 2 of the Orcish Mines.
             The game lasted 00:38:16 (20501 turns).

wolfsongas the Severer (Minotaur Fighter)          Turns: 20501, Time: 00:38:16

Health: -3/147     AC: 26    Str: 25    XL:     15   Next: 18%
Magic:  5/5        EV:  9    Int: 14    God:    Trog [*****.]
Gold:   246        SH: 12    Dex: 14    Spells: 14/14 levels left

rFire    + . .     SeeInvis .   l - +9 war axe of Fuisuops {vorpal, rPois}
rCold    + + +     Gourm    .   c - +0 kite shield
rNeg     . . .     Faith    .   h - +1 plate armour
rPois    +         Spirit   .   (helmet restricted)
rElec    +         Reflect  .   a - +1 cloak {MR+}
rCorr    .         Harm     .   z - +0 pair of gloves
MR       +++..                  i - +1 pair of boots of Death's Door {rC++ Str+4 Int+4}
Stlth    ..........             d - amulet of the acrobat
HPRegen  1.34/turn              o - ring of Resovuho {rElec rF+ MP-9 EV+2 Stlth+}
MPRegen  0.09/turn              m - ring of the Robin {rPois rC+ MR- Int+5 Stlth+}

@: berserk cooldown, very slightly contaminated, regenerating, slowed, lightly
drained, invisible, very slow
A: retaliatory headbutt, horns 2, thin metallic scales 1, blurry vision 1,
clumsy 1
a: Berserk, Trog's Hand, Brothers in Arms, Renounce Religion


You were on level 2 of the Orcish Mines.
You worshipped Trog.
Trog was extremely pleased with you.
You were not hungry.

You visited 4 branches of the dungeon, and saw 22 of its levels.

You collected 1587 gold pieces.
You spent 1341 gold pieces at shops.

Inventory:

Hand Weapons
 e - a +2 battleaxe of flaming
 j - a +2 broad axe
 l - the +9 war axe of Fuisuops (weapon) {vorpal, rPois}
   (Trog gifted it to you on level 4 of the Lair of Beasts)

   It inflicts extra damage upon your enemies.
   It protects you from poison.
 F - a +2 antimagic battleaxe
Armour
 a - a +1 cloak of magic resistance (worn)
 c - a +0 kite shield (worn)
 h - a +1 plate armour (worn)
 i - the +1 pair of boots of Death's Door (worn) {rC++ Str+4 Int+4}
   (You bought it in a shop on level 6 of the Dungeon)

   It affects your strength (+4).
   It affects your intelligence (+4).
   It greatly protects you from cold.
   If you remove this armour, your AC will decrease by 2 (26 -> 24).
 z - a +0 pair of gloves (worn)
Jewellery
 d - an amulet of the acrobat (around neck)
 m - the ring of the Robin (right hand) {rPois rC+ MR- Int+5 Stlth+}
   (You found it on level 4 of the Lair of Beasts)

   [ring of protection from cold]

   It affects your intelligence (+5).
   It protects you from cold.
   It protects you from poison.
   It affects your resistance to hostile enchantments.
   It makes you more stealthy.
 o - the ring of Resovuho (left hand) {rElec rF+ MP-9 EV+2 Stlth+}
   (You found it on level 4 of the Dungeon)

   [ring of evasion]

   It affects your evasion (+2).
   It protects you from fire.
   It insulates you from electricity.
   It affects your magic capacity (-9).
   It makes you more stealthy.
 A - an uncursed ring of protection from cold
Wands
 b - a wand of iceblast (10)
 w - a wand of digging (6)
 y - a wand of flame (9)
 C - a wand of acid (19)
Scrolls
 r - 6 scrolls of blinking
 t - 3 scrolls of remove curse
 u - 2 scrolls of fog
 x - 5 scrolls of teleportation
 B - a scroll of magic mapping
 H - 2 scrolls of fear
Potions
 g - 4 potions of heal wounds
 k - 10 potions of curing
 p - 4 potions of agility
 s - 2 potions of invisibility
 D - 2 potions of might
 E - 2 potions of brilliance
 I - 2 potions of magic
Comestibles
 f - 20 rations


   Skills:
 + Level 17.1(17.0) Fighting
 * Level 19.3(19.2) Axes
 - Level 15.0(14.9) Armour
 - Level 10.0(9.9) Shields


You had 14 spell levels left.
You didn't know any spells.
Your spell library was empty.

Dungeon Overview and Level Annotations

Branches:
Dungeon (13/15)            Temple (1/1) D:4            Lair (6/6) D:8
 Shoals (0/4) Lair:4        Snake (0/4) Lair:4          Orc (2/2) D:9
    Elf (0/3) Orc:2        Vaults (0/5) D:13
  Slime: Lair:5-6

Altars:
Ashenzari
Cheibriados
Dithmenos
Elyvilon
Fedhas
Gozag
Hepliaklqana
Kikubaaqudgha
Makhleb
Nemelex Xobeh
Okawaru
Qazlal
Ru
Sif Muna
Trog
Uskayaw
Vehumet
Wu Jian
Xom
Yredelemnul
Zin
The Shining One

Shops:
D:6 [   D:7 :   D:10 ?   D:12 (

Annotations:
Lair:3 exclusion: oklob plant
Lair:6 exclusion: 4 oklob plants
Orc:2 Rupert


Innate Abilities, Weirdness & Mutations

You reflexively headbutt those who attack you in melee.
You have a pair of horns on your head.
You are partially covered in thin metallic scales. (AC +2)
Scrolls take you a little longer to read.
You are clumsy. (Dex -2)


Message History

You feel somewhat more hungry. You block the warg's attack.
Rupert barely misses you. The warg bites you but does no damage.
You feel much better. You block the orc wizard's attack.
Rupert hits you with a +0 great mace of protection!!
The warg bites you but does no damage. The orc wizard barely misses you.
You furiously retaliate!
You headbutt the orc wizard. You block the warg's attack.
Rupert hits you with a +0 great mace of protection!!
* * * LOW HITPOINT WARNING * * *
You closely miss Rupert.
Rupert is moderately wounded.
You slash the warg!
You catch the helpless orc wizard completely off-guard!
You slash the orc wizard!
You kill the orc wizard!
Trog accepts your kill.
Trog appreciates your killing of a magic user.
You block the warg's attack.
Rupert hits you with a +0 great mace of protection!!
You die...

*** **,*...#............,,,,,,**
*,******#...............,,,,,,,*
,,,,**,*............##..,,,,,,,*
,,,,,,,,........<.......,,,,,,,*
,,,,**,*...$...[).......,,,,,,,*
*,***,,,......)#))....<.,,,,,,,*
*** *****#....))))....#.,,,,,,,*
****** #....))@o...#..,,,,,,**
*,**,****#.....)@h....#.,,,,,,,*
*+**+**,*#^......)......,*,,,,**
,,,,,,*,*#..............,,,,,**
,,,,,,*+*#.......$#.....**,,**
,,,,,,+,*#.$..#.........,*****
,,,,,,+,*#.#............,,**,**
,,,,,,*+*##......#......,,,,,,*
,,,,,,*,**..............,,,,,,**
*+**+**,**,,,,,*,,,,,,,,,,,,,,,*


You could see Rupert (berserk), a warg and an orc priest.

Vanquished Creatures
  An ironheart preserver (D:13)
  Josephine (D:12)
  2 slime creatures (D:13)
  Fannar (Lair:1)
  Erica (D:9)
  4 hydras
  2 catoblepae
  4 two-headed ogres
  An orc high priest (Orc:1)
  13 death yaks
  Urug (Lair:3)
  Nergalle (Lair:3)
  A fire crab (Lair:6)
  2 unseen horrors
  3 lindwurms
  An orc knight (Orc:2)
  An orc sorcerer (Orc:1)
  A cyclops (D:12)
  2 manticores
  2 ugly things (D:13)
  13 elephants
  A merfolk siren (Lair:4)
  Psyche (D:11)
  3 torpor snails (Lair:6)
  3 black mambas
  A guardian serpent (Lair:4)
  15 spiny frogs
  2 gargoyles
  Maggie (D:6)
  3 rime drakes (Lair:6)
  8 komodo dragons
  A merfolk (Lair:4)
  A queen bee (Lair:4)
  3 meliai (Lair:4)
  10 polar bears
  Prince Ribbit (D:7)
  3 trolls
  9 hippogriffs
  2 raiju (Lair:6)
  A hornet (D:12)
  4 dream sheep (Lair:6)
  18 blink frogs
  56 yaks
  A vampire (D:13)
  6 wraiths
  2 wyverns
  2 basilisks
  4 hogs (D:8)
  A human (D:8)
  7 vampire mosquitoes (D:12)
  A hungry ghost (D:12)
  Menkaure (D:7)
  6 wargs
  Edmund (D:4)
  An acid dragon (D:13)
  15 hell hounds (Lair:6)
  10 water moccasins
  4 porcupines
  12 orc warriors
  A sky beast (D:8)
  6 ogres
  13 black bears
  A phantom (D:5)
  An ice beast (D:10)
  A necrophage (D:5)
  16 wolves
  3 centaurs
  7 crocodiles
  2 big kobolds
  A gnoll sergeant (D:7)
  8 bullfrogs
  A wyvern zombie (D:6)
  A scorpion (D:10)
  A water moccasin skeleton (D:9)
  53 killer bees
  7 wights
  2 howler monkeys
  A vampire bat (D:7)
  An electric eel (Lair:6)
  7 crimson imps
  6 centaur zombies
  A quasit (D:12)
  2 centaur skeletons (D:12)
  3 jellies
  12 orc priests
  9 hounds
  A bullfrog skeleton (D:9)
  Natasha (thrice) (D:2)
  An iguana (D:9)
  23 orc wizards
  A hell rat (Lair:4)
  8 worker ants
  A hound zombie (D:9)
  A hound skeleton (D:7)
  A howler monkey skeleton (D:10)
  A worker ant zombie (D:8)
  5 gnolls (D:7)
  11 adders
  4 shadow imps
  3 oozes
  3 adder skeletons
  2 worms
  A dart slug (D:5)
  5 leopard geckos
  92 orcs
  6 bats
  3 bat skeletons (D:7)
  2 bat zombies (D:7)
  3 giant cockroaches (D:1)
  7 goblins
  11 hobgoblins
  2 jackals (D:2)
  4 quokkas
  3 ball pythons
  4 frilled lizards
  12 kobolds
  A leopard gecko skeleton (D:5)
  A quokka zombie (D:9)
  5 rats
  2 bushes (Lair:6)
  2 fungi (Lair:3)
  2 plants
683 creatures vanquished.

Vanquished Creatures (others)
  5 dream sheep (D:4)
  An orc (Orc:1)
  10 fungi
  12 plants
28 creatures vanquished.

Grand Total: 711 creatures vanquished

Notes
Turn   | Place    | Note
-------+----------+-------------------------------------------
     0 | D:1      | wolfsongas the Minotaur Fighter began the quest for the
                  | Orb.
     0 | D:1      | Reached XP level 1. HP: 19/19 MP: 0/0
   145 | D:1      | Reached XP level 2. HP: 15/28 MP: 1/1
   745 | D:1      | Reached skill level 5 in Fighting
   879 | D:1      | Reached XP level 3. HP: 31/36 MP: 2/2
  1083 | D:2      | Noticed Natasha
  1089 | D:2      | Killed Natasha
  1179 | D:2      | Found a shattered altar of Ashenzari.
  1286 | D:2      | Noticed Natasha
  1292 | D:2      | Killed Natasha
  1292 | D:2      | Reached XP level 4. HP: 36/44 MP: 3/3
  1358 | D:2      | Noticed Natasha
  1366 | D:2      | Killed Natasha
  1695 | D:3      | Reached XP level 5. HP: 24/52 MP: 4/4
  2080 | D:3      | Found a white marble altar of Elyvilon.
  2152 | D:3      | Noticed a water moccasin
  2163 | D:3      | Killed a water moccasin
  2163 | D:3      | Reached XP level 6. HP: 58/62 MP: 5/5
  2326 | D:3      | Found an ornate altar of the Wu Jian Council.
  2826 | D:4      | Noticed Edmund
  2832 | D:4      | Killed Edmund
  2833 | D:4      | Found a shimmering blue altar of Sif Muna.
  3160 | D:4      | Reached XP level 7. HP: 64/70 MP: 6/6
  3508 | D:4      | Got a scintillating iron ring
  3510 | D:4      | Identified the ring of Resovuho {rElec rF+ MP-9 EV+2
                  | Stlth+} (You found it on level 4 of the Dungeon)
  3531 | D:4      | Noticed a dream sheep
  3531 | D:4      | Noticed a dream sheep
  3531 | D:4      | Noticed a dream sheep
  3531 | D:4      | Noticed a dream sheep
  3531 | D:4      | Noticed a dream sheep
  3531 | D:4      | Found a shimmering altar of Xom.
  3535 | D:4      | Killed a dream sheep
  3535 | D:4      | Killed a dream sheep
  3535 | D:4      | Killed a dream sheep
  3537 | D:4      | Killed a dream sheep
  3539 | D:4      | Killed a dream sheep
  3653 | D:4      | Found a staircase to the Ecumenical Temple.
  3666 | Temple   | Entered the Ecumenical Temple
  3751 | Temple   | Became a worshipper of Trog the Wrathful
  3868 | D:5      | Entered Level 5 of the Dungeon
  3895 | D:5      | Reached skill level 10 in Fighting
  3912 | D:5      | Found a hide-covered altar of Uskayaw.
  3978 | D:5      | Reached skill level 3 in Axes
  4237 | D:5      | Reached * piety under Trog
  4332 | D:5      | Reached skill level 4 in Axes
  4666 | D:6      | Noticed Maggie
  4677 | D:6      | Killed Maggie
  4677 | D:6      | Reached skill level 5 in Axes
  4677 | D:6      | Reached skill level 5 in Armour
  4677 | D:6      | Reached skill level 5 in Shields
  4677 | D:6      | Reached XP level 8. HP: 79/79 MP: 0/7
  4978 | D:6      | Found Ceditsur's Armour Shoppe.
  4998 | D:6      | Found an iron altar of Okawaru.
  5089 | D:6      | Reached skill level 6 in Axes
  5319 | D:6      | Got a pitted scale mail
  5320 | D:6      | Identified the +2 scale mail "Ulle" {Int+4 Dex+6} (You
                  | found it on level 6 of the Dungeon)
  5670 | D:7      | Found Uluetrae's Book Shoppe.
  5673 | D:7      | Reached skill level 7 in Axes
  5699 | D:7      | Found an ornate altar of the Wu Jian Council.
  5736 | D:7      | Reached ** piety under Trog
  5754 | D:7      | Reached XP level 9. HP: 85/85 MP: 0/8
  5793 | D:7      | Found a sparkling altar of Nemelex Xobeh.
  5811 | D:7      | Reached skill level 8 in Axes
  5962 | D:7      | Noticed Prince Ribbit
  5971 | D:7      | Killed Prince Ribbit
  6104 | D:7      | Found an ancient bone altar of Kikubaaqudgha.
  6242 | D:7      | Noticed Menkaure
  6249 | D:7      | Killed Menkaure
  6249 | D:7      | Reached skill level 9 in Axes
  6304 | D:7      | Found a glowing silver altar of Zin.
  6304 | D:7      | Found a glowing golden altar of the Shining One.
  6306 | D:7      | Found a blossoming altar of Fedhas.
  6726 | D:8      | Found a staircase to the Lair.
  6793 | D:8      | Reached skill level 10 in Axes
  6797 | D:8      | Reached *** piety under Trog
  6800 | D:8      | Reached XP level 10. HP: 42/93 MP: 0/9
  7046 | D:8      | Noticed a two-headed ogre
  7054 | D:8      | Killed a two-headed ogre
  7243 | D:8      | Found a shattered altar of Ashenzari.
  7357 | D:8      | Reached skill level 11 in Axes
  7642 | D:9      | Found a staircase to the Orcish Mines.
  7983 | D:9      | Reached skill level 12 in Axes
  7990 | D:9      | Noticed Erica
  7997 | D:9      | Killed Erica
  8046 | D:9      | Gained mutation: Scrolls take you a little longer to read.
                  | [potion of mutation]
  8046 | D:9      | Gained mutation: You are clumsy. (Dex -2) [potion of
                  | mutation]
  8046 | D:9      | Gained mutation: You are partially covered in thin metallic
                  | scales. (AC +2) [potion of mutation]
  8107 | D:9      | Reached **** piety under Trog
  8378 | D:9      | Found a shadowy altar of Dithmenos.
  8453 | D:10     | Entered Level 10 of the Dungeon
  8461 | D:10     | Reached skill level 10 in Armour
  8461 | D:10     | Reached skill level 10 in Shields
  8494 | D:10     | Reached XP level 11. HP: 90/100 MP: 1/10
  8905 | D:10     | Found Gionih's Magic Scroll Boutique.
  9080 | D:10     | Reached ***** piety under Trog
  9080 | D:10     | Received a gift from Trog
  9082 | D:10     | Killed an unseen horror
  9082 | D:10     | Reached skill level 13 in Axes
  9087 | D:10     | Identified the +2 hand axe of Painful Death {antimagic,
                  | Dex+4 Stlth+} (Trog gifted it to you on level 10 of the
                  | Dungeon)
  9150 | D:10     | Noticed a two-headed ogre
  9157 | D:10     | Killed a two-headed ogre
  9236 | D:10     | Noticed a two-headed ogre
  9250 | D:10     | Killed a two-headed ogre
  9460 | D:11     | Noticed Psyche
  9482 | D:11     | Killed Psyche
  9680 | D:11     | Noticed a two-headed ogre
  9685 | D:11     | Killed a two-headed ogre
  9685 | D:11     | Reached skill level 14 in Axes
 10093 | D:11     | Noticed a six-headed hydra
 10107 | D:11     | Killed an 11-headed hydra
 10312 | D:11     | Reached XP level 12. HP: 110/111 MP: 2/11
 10497 | D:12     | Noticed Josephine
 10510 | D:12     | Killed Josephine
 10586 | D:12     | Received a gift from Trog
 10771 | D:12     | Found a blossoming altar of Fedhas.
 10805 | D:12     | Identified the +4 ring mail of Vehumet's Reproof {Str+2
                  | Int+7 Stlth+} (You found it on level 12 of the Dungeon)
 10965 | D:12     | Reached skill level 15 in Axes
 10971 | D:12     | Found Atear's Weapon Boutique.
 11425 | D:13     | Found a gate to the Vaults.
 11425 | D:13     | Noticed an ironheart preserver
 11439 | D:13     | Killed an ironheart preserver
 11629 | D:13     | Received a gift from Trog
 11734 | D:13     | Reached skill level 16 in Axes
 11951 | D:10     | Bought a scroll of acquirement for 624 gold pieces
 12027 | Lair:1   | Entered Level 1 of the Lair of Beasts
 12061 | Lair:1   | Noticed Fannar
 12080 | Lair:1   | Killed Fannar
 12276 | Lair:1   | Reached XP level 13. HP: 115/122 MP: 12/12
 13531 | Lair:2   | Reached skill level 17 in Axes
 14007 | Lair:3   | Noticed Nergalle
 14022 | Lair:3   | Killed Nergalle
 14206 | Lair:3   | Found a stormy altar of Qazlal.
 14492 | Lair:3   | Noticed Urug
 14507 | Lair:3   | Killed Urug
 14962 | Lair:4   | Found a staircase to the Snake Pit.
 14969 | Lair:4   | Reached skill level 18 in Axes
 15102 | Lair:4   | Received a gift from Trog
 15105 | Lair:4   | Got a translucent war axe {god gift}
 15522 | Lair:4   | Got a slimy marble ring
 15524 | Lair:4   | Identified the ring of the Robin {rPois rC+ MR- Int+5
                  | Stlth+} (You found it on level 4 of the Lair of Beasts)
 16441 | Lair:4   | Found a staircase to the Shoals.
 16635 | Lair:4   | You fall into a shaft and drop 1 floor!
 16725 | Lair:4   | Reached XP level 14. HP: 133/133 MP: 4/13
 17161 | Lair:5   | Received a gift from Trog
 17177 | Lair:5   | Identified the +9 war axe of Fuisuops {vorpal, rPois} (Trog
                  | gifted it to you on level 4 of the Lair of Beasts)
 17728 | Lair:6   | Entered Level 6 of the Lair of Beasts
 17746 | Lair:6   | Reached skill level 15 in Fighting
 18376 | Lair:6   | Received a gift from Trog
 19203 | Lair:6   | Reached skill level 19 in Axes
 19221 | Lair:6   | Reached skill level 15 in Armour
 19254 | Lair:6   | Reached XP level 15. HP: 143/146 MP: 5/14
 19267 | Lair:6   | Received a gift from Trog
 19765 | Orc:1    | Entered Level 1 of the Orcish Mines
 20284 | D:6      | Bought the +1 pair of boots of Death's Door {rC++ Str+4
                  | Int+4} for 609 gold pieces
 20295 | D:6      | Bought a scarf of spirit shield for 108 gold pieces
 20455 | Orc:2    | Entered Level 2 of the Orcish Mines
 20485 | Orc:2    | Noticed Rupert
 20487 | Orc:2    | Received a gift from Trog
 20501 | Orc:2    | Slain by Rupert

Levels and vault maps discovered:
D:1:      beargit_arrival_greenhouse, layout_loops_corners,
          minmay_three_crescents
D:2:      layout_basic, ashenzari_altar_1, uniq_natasha
D:3:      layout_loops_ring, elyvilon_altar_5, old_standard_altar,
          serial_aquarium, aquarium_bridge_straight [aquarium_subvault_bridge,
          aquarium_subvault_wall, aquarium_subvault_bridge,
          aquarium_subvault_wall], aquarium_window_fake,
          aquarium_window_corridor_3, aquarium_view_2e, aquarium_pool_S,
          first_ration
D:4:      layout_loops_ring, kb_xom_exploding_sheep, temple_hall, led_sif_book,
          uniq_edmund
D:5:      layout_basic, eat_drink_and_be_merry_uskayaw
D:6:      layout_basic, old_standard_altar, serial_shops, shop, uniq_maggie
D:7:      layout_gridville, kennysheep_vampire_church, lemuel_round_altar,
          chequers_temple_overflow_statue_of_worship, serial_shops, shop,
          basic_altar, uniq_prince_ribbit1, uniq_menkaure
D:8:      layout_loops_ring, kennysheep_mini_moat, lair_entry_dummy,
          grunt_livestock
D:9:      cheibrodos_iron_armory, layout_irregular_city, marbit_many_paths,
          orc_0_dummy, minivault_25_ag, uniq_erica
D:10:     layout_rooms, serial_shops, shop
D:11:     layout_small_grid, uniq_psyche
D:12:     layout_loops_ring, serial_shops, shop, fedhas_altar_1, uniq_josephine
D:13:     layout_roguey, skrybe_vaults_entry_preservation,
          minmay_fractal_squares_gapless_7
Temple:   eino_wide_crystal_templ
Lair:1:   layout_misc_corridors, uniq_fannar
Lair:2:   layout_layer_cave, serial_bayou_shore_b
Lair:3:   layout_chaotic_city, lemuel_oklob_altar, uniq_nergalle, uniq_urug
Lair:4:   regret_index_tunnel_blossom, layout_regular_city,
          elwin_shoals_entry_rooms, minmay_snake_entry_spellcaster
Lair:5:   layout_hall_layers, beast_lair_carwin_5
Lair:6:   hangedman_lair_in_review, layout_hall_layers,
          hangedman_lair_caniforms_friends, minmay_slime_entry_oklob_open,
          grunt_forest_large_clearing_hut, infiniplex_staircase_pool
Orc:1:    layout_caves, mines2_david
Orc:2:    st_orc_pillars, layout_caves, gauntlet_entry_generic,
          hangedman_minor_magic, uniq_rupert, uniq_snorg, uniq_azrael

Skill      XL: |  1  2  3  4  5  6  7  8  9 10 11 12 13 14 15 |
---------------+----------------------------------------------+-----
Fighting       | 4 5 6 7 8 9 10 11 13 14 16 17 | 17.1
Axes           | 5 7 10 12 14 16 18 19 | 19.3
Armour         | 5 6 8 10 11 12 13 15 | 15.0
Shields        | 5 6 8 10 | 10.0

Action                   |  1- 3 |  4- 6 |  7- 9 | 10-12 | 13-15 || total
-------------------------+-------+-------+-------+-------+-------++-------
Melee: War axe           |    72 |   118 |   246 |   207 |   386 ||  1029
       Headbutt          |     9 |    22 |    58 |   174 |   174 ||   437
       Hand axe          |       |       |       |    60 |       ||    60
       Broad axe         |       |       |       |   282 |   364 ||   646
Invok: Berserk           |       |       |     5 |    14 |    16 ||    35
       Trog's Hand       |       |       |       |     1 |     3 ||     4
       Brothers in Arms  |       |       |       |     1 |     1 ||     2
Evoke: Wand              |       |       |       |     2 |       ||     2
  Use: Scroll            |     5 |     4 |    11 |     8 |     6 ||    34
       Potion            |     1 |       |     2 |     1 |     8 ||    12
 Stab: Sleeping          |       |       |     2 |     4 |     2 ||     8
       Invisible         |       |       |       |       |     2 ||     2
  Eat: Chunk             |     1 |     5 |     4 |     7 |    11 ||    28
       Ration            |       |     1 |     3 |     8 |    10 ||    22
Armor: Scale mail        |    35 |       |    39 |   144 |   107 ||   325
       Plate armour      |     8 |    62 |    46 |       |   184 ||   300
Dodge: Dodged            |    20 |    27 |    79 |   213 |   235 ||   574
Block: Kite shield       |    35 |    64 |   147 |   352 |   402 ||  1000

Table legend:
 A = Non-vault XP
 B = Vault XP
 C = Vault XP percentage of total XP
 D = Non-vault monster count
 E = Vault monster count
 F = Vault count percentage of total count
                 A         B        C        D         E       F
            +---------+---------+-------+---------+---------+-------
      Total |   67447 |   44535 |  39.8 |     500 |     177 |  26.1
            +---------+---------+-------+---------+---------+-------
        D:1 |      30 |      12 |  28.6 |      15 |       6 |  28.6
        D:2 |     103 |      35 |  25.4 |      13 |       1 |   7.1
        D:3 |     275 |       0 |   0.0 |      27 |       0 |   0.0
        D:4 |     182 |     158 |  46.5 |      16 |       1 |   5.9
        D:5 |     595 |       0 |   0.0 |      27 |       0 |   0.0
        D:6 |     394 |     404 |  50.6 |      18 |       1 |   5.3
        D:7 |    1182 |     517 |  30.4 |      26 |       8 |  23.5
        D:8 |    1895 |     964 |  33.7 |      21 |       5 |  19.2
        D:9 |    2572 |     965 |  27.3 |      36 |       1 |   2.7
       D:10 |    7727 |       0 |   0.0 |      49 |       0 |   0.0
       D:11 |    3549 |     434 |  10.9 |      42 |       1 |   2.3
       D:12 |    3912 |    2106 |  35.0 |      25 |       6 |  19.4
       D:13 |    4728 |    2374 |  33.4 |      22 |       5 |  18.5
     Lair:1 |    4988 |     986 |  16.5 |      20 |       1 |   4.8
     Lair:2 |    5371 |       0 |   0.0 |      20 |       0 |   0.0
     Lair:3 |    4193 |    1636 |  28.1 |      13 |       2 |  13.3
     Lair:4 |    3287 |   10000 |  75.3 |      10 |      53 |  84.1
     Lair:5 |    1039 |    3159 |  75.3 |       5 |       6 |  54.5
     Lair:6 |   16746 |   20785 |  55.4 |      42 |      80 |  65.6
      Orc:1 |    3163 |       0 |   0.0 |      27 |       0 |   0.0
      Orc:2 |    1516 |       0 |   0.0 |      26 |       0 |   0.0
            +---------+---------+-------+---------+---------+-------
